← All builds
Suicide front / Armada / Factory first / OBSERVED BUILD

Standard suicide front

The role's default: factory first (mostly Bot Lab), pushing Rocketeer-led bot play into the middle to contest and hold the front, with an Advanced Metal Extractor around 9:36 as the natural transition.

Usually lab first (63%)

#raid #push · 1244 distinct matches · 126 players · 71% of Armada Suicide front games · team won 60% of 1476 · Recently observed

HOW TO PLAY IT

Key timing: Bot Lab by 0:20

  1. Open with mex and wind, drop Bot Lab immediately.
  2. Push out first "Centurion" as Pond's boost lands.
  3. Send "Rocketeer", "Centurion", "Pawn" mix to contest middle.
  4. Add Dragon's Teeth and Sentries to hold the line.
  5. Get Advanced Metal Extractor up as T2 nears.

Phase by phase

TYPICAL OF ITS 1244 GAMES
  1. 1
  2. 2
  3. 3
PLAY THE OPENING

Follow the example game's first 6:00 step by step: what to build now, what comes next, and where it goes. At 1× it keeps pace with your own game.

  1. 1

    Bot Lab first

    Order
    1. Bot LabBot Lab done ~0:20, middle half 0:20–0:33

    Some games also: mex (36%)

  2. 2

    Bot Lab to 5:00

    Economy
    • Metal Extractor5Mex
    • Wind Turbine4Wind
    Builders
    • Construction Bot3 Con bot
    • Lazarus2 Lazarus
    Army
    • Sentry4 Sentry
    • Rocketeer18 Rocketeer
    • Tick2 Tick
    • Centurion1 Centurion
    Other
    • Radar Tower1 Radar Tower

    Some games also: con turret (35%) · pawn (32%)

    By 5:00 in all: 5 mex · 4 wind

    The example game in this phase · 39 steps
    1. TickTick
    2. Construction BotCon bot ×2
    3. SentrySentry
    4. Mex
    5. LazarusLazarus
    6. Mex
    7. CenturionCenturion
    8. BeamerBeamer
    9. Mex
    10. Construction BotCon bot
    11. BeamerBeamer
    12. Mex
    13. LazarusLazarus
    14. Radar TowerRadar Tower
    15. Mex
    16. Wind
    17. Construction BotCon bot
    18. BeamerBeamer
    19. Wind ×2
    20. CenturionCenturion
    21. BeamerBeamer
    22. Wind ×2
    23. RocketeerRocketeer
    24. Wind
    25. RocketeerRocketeer
    26. Energy storage
    27. LazarusLazarus
    28. BeamerBeamer
    29. RocketeerRocketeer ×2
    30. Wind
    31. RocketeerRocketeer
    32. BeamerBeamer
    33. Wind
    34. TickTick
    35. LazarusLazarus
    36. Wind
    37. CenturionCenturion
    38. Wind
    39. Con turret
  3. 3

    5:00 to 10:00

    Economy
    • Metal Extractor1Mex
    • Wind Turbine17Wind
    Builders
    • Construction Turret2 Con turret
    • Lazarus2 Lazarus
    • Construction Bot1 Con bot
    Army
    • Sentry1 Sentry
    • Rocketeer8 Rocketeer
    • Pawn1 Pawn

    Some games also: tick (48%) · Radar Tower (47%) · energy storage (46%) · centurion (45%) · Beamer (39%)

    By 10:00 in all: 6 mex · 23 wind · 1 energy storage · 3 con turret

    The example game in this phase · 118 steps
    1. RocketeerRocketeer ×2
    2. Wind
    3. RocketeerRocketeer
    4. Wind
    5. RocketeerRocketeer
    6. Metal storage
    7. Wind
    8. RocketeerRocketeer
    9. Wind
    10. TickTick
    11. LazarusLazarus
    12. Wind
    13. Con turret
    14. CenturionCenturion
    15. Wind ×2
    16. Con turret
    17. Wind
    18. TickTick
    19. LazarusLazarus
    20. CenturionCenturion
    21. Wind
    22. CenturionCenturion
    23. Wind ×2
    24. CenturionCenturion
    25. Wind ×2
    26. TickTick
    27. Wind
    28. LazarusLazarus
    29. CenturionCenturion
    30. Wind
    31. CenturionCenturion ×2
    32. Wind
    33. Con turret
    34. TickTick
    35. Wind
    36. LazarusLazarus
    37. CenturionCenturion
    38. Wind
    39. CenturionCenturion
    40. Wind ×2
    41. CenturionCenturion
    42. Wind
    43. TickTick
    44. LazarusLazarus
    45. Wind
    46. CenturionCenturion
    47. Wind
    48. CenturionCenturion
    49. Wind
    50. CenturionCenturion
    51. Wind
    52. TickTick
    53. Wind
    54. LazarusLazarus
    55. Wind
    56. CenturionCenturion
    57. Wind ×2
    58. CenturionCenturion
    59. Advanced Metal ExtractorT2 mexdone 9:47 · typical 9:38
    60. CenturionCenturion
    61. TickTick
    62. LazarusLazarus
    63. CenturionCenturion
    64. Advanced Metal ExtractorT2 mex
    65. CenturionCenturion ×2
    66. Advanced Metal ExtractorT2 mex
    67. TickTick
    68. LazarusLazarus
    69. CenturionCenturion ×2
    70. Advanced Metal ExtractorT2 mex
    71. CenturionCenturion
    72. TickTick
    73. LazarusLazarus
    74. CenturionCenturion ×3
    75. TickTick
    76. Advanced Metal ExtractorT2 mex
    77. LazarusLazarus
    78. CenturionCenturion ×3
    79. TickTick
    80. LazarusLazarus
    81. CenturionCenturion ×3
    82. Fusion ReactorFusiondone 14:12
    83. TickTick
    84. LazarusLazarus
    85. CenturionCenturion ×3
    86. TickTick
    87. LazarusLazarus
    88. CenturionCenturion ×2
    89. Con turret
    90. CenturionCenturion
    91. TickTick
    92. LazarusLazarus
    93. CenturionCenturion ×3
    94. Con turret
    95. TickTick
    96. LazarusLazarus
    97. CenturionCenturion
    98. TickTick ×2
    99. LazarusLazarus
    100. TickTick ×19
    101. Con turret
    102. TickTick
    103. Vehicle PlantVehicle Plantdone 14:37
    104. TickTick ×5
    105. Con turret
    106. TickTick ×5
    107. Con turret
    108. TickTick ×4
    109. Con turret
    110. TickTick
    111. Vehicle PlantVehicle Plantdone 14:50
    112. TickTick ×2
    113. Con turret
    114. TickTick ×2
    115. LazarusLazarus ×3
    116. BlitzBlitz ×3
    117. LazarusLazarus
    118. BlitzBlitz

Counts are medians over the build's games: half of them build more, half fewer. The example game is Soliloqueur's (43 OS, 20/09/2026); pick another.

Team trades

IN AT LEAST 30% OF ITS GAMES

You hand over

Nothing regular.

You get

  • Tidal Generator4 Tidal from Pondfirst at 0:10 · in 69% of games
  • Advanced Construction Bot1 T2 con bot from Geo or Techfirst at 7:30 · in 58% of games

How it plays out

Typical game of this build, running totals by minute

Metal produced

010k20k30k
0:005:0010:0015:00

metal

Enemy metal destroyed

05k10k
0:005:0010:0015:00

metal

Own metal lost

05k10k
0:005:0010:0015:00

metal

1476 games.

Show as table
ByMetal produced: This buildEnemy metal destroyed: This buildOwn metal lost: This build
1:0022600
2:0088800
3:002052173106
4:003161658487
5:00424314151020
6:00543323271786
7:00666831762727
8:00791340353627
9:00930148084496
10:001068454295313
11:001224658946034
12:001409665046820
13:001621470167535
14:001807476888398
15:002043282939278
WHAT THE NUMBERS SAY

Standard suicide front play wins slightly more than half its games with fast kills but also fast losses, matching the raw grind of the role.

  • + First kill lands by 2:04 in all games
  • + Metal produced reaches 19882 by 15:00
  • − Own metal lost hits 9208 by 15:00, near metal destroyed of 8172
  • − First unit lost as early as 2:08 in every game
THE EXAMPLE YOU ARE READING

Soliloqueur

42.7 OS · 20/09/2026

Open source match ↗

11 received units · includes a constructor
902 metal received · 24714 energy received

Allied construction assistance is unknown. Timings are observations, not a promise of solo reproducibility.

Typical milestones

Bot Lab0:20Middle 50%: 0:20–0:33 · n=1470
Advanced Metal Extractor9:38Middle 50%: 8:42–10:48 · n=1084

Played most by

_X_252games of this buildPlatinumBlonde176games of this buildXad119games of this buildImmort67games of this buildwatermeloans58games of this build